 Dungeon Crawl Stone Soup version 0.32-a0-630-g46d191b (webtiles) character file.

Game seed: 6961186525491146482

228492 FilltheMatrix the Skinwalker (level 18, -3/130 HPs)
             Began as a Spriggan Berserker on Mar 6, 2024.
             Was a High Priest of Trog.
             Incinerated by a deep elf pyromancer (31 damage)
             ... with a pyre arrow
             ... on level 14 of the Dungeon.
             The game lasted 01:11:48 (34111 turns).

FilltheMatrix the Skinwalker (Spriggan Berserker)  Turns: 34111, Time: 01:11:48

Health: -3/130     AC: 41    Str: 13    XL:     18   Next: 27%
Magic:  19/19      EV: 37    Int: 10    God:    Trog [*****.]
Gold:   873        SH:  0    Dex: 23    Spells: 17/17 levels left

rFire   . .          .
                       - Unarmed
rCold   + . .        (no shield)
rNeg    + . .        I - melded +1 robe {rC+ rF+}
rPois   ∞            (helmet restricted)
rElec   +            l - +2 cloak {Stlth+}
rCorr   .            (gloves unavailable)
SInv    +            (boots unavailable)
Will    +++..        J - amulet of regeneration
Stlth   +            R - ring "Unib" {Fly rPois SInv}
HPRegen 1.21/turn    T - ring "Riaf" {rElec rC+ Dex+2}
MPRegen 0.16/turn

%: no passive effects
@: on fire, statue-form, on berserk cooldown, flying, slowed, glowing, very slow
A: slow and powerful, torment resistance 1, boosted hp, very small, no large
weapons, unfitting armour, see invisible, (speed 3)
}: 2/15 runes: decaying, serpentine
a: Begin Untransformation, Renounce Religion, Berserk, Trog's Hand, Brothers in
Arms


You were on level 14 of the Dungeon.
You worshipped Trog.
Trog was extremely pleased with you.
You were a living statue of rough stone.
You visited 6 branches of the dungeon, and saw 30 of its levels.
You also visited: Sewer, Ossuary and Ice Cave.

You collected 3498 gold pieces.
You spent 2625 gold pieces at shops.

Inventory:

Hand Weapons
 t - the +7 long sword of Sivviy {drain, rC+}
   (You found it on level 8 of the Dungeon)

   rC+:       It protects you from cold.
 A - the +9 mace "Spiderslayer" {protect, ^Drain Str+5 Dex+2}
   (You found it on level 4 of the Swamp)

   Str+5:     It affects your strength (+5).
   Dex+2:     It affects your dexterity (+2).
   ^Drain:    It drains your maximum health when unequipped.
Missiles
 y - 6 throwing nets (quivered)
 C - 2 curare-tipped darts
Armour
 l - a +2 cloak of stealth (worn)
 F - the +2 leather armour "Loum" {rPois Will- Regen+ Dex+4}
   (You found it in an ice cave)

   Dex+4:     It affects your dexterity (+4).
   rPois:     It protects you from poison.
   Will-:     It decreases your willpower.
   Regen+:    It increases your rate of health regeneration.
 I - a +1 robe of resistance (melded)
 Y - the +1 robe of Vines {NoPotionHeal Regen++++}
   (You found it on level 13 of the Dungeon)

   NoPotionHeal: Its wearer cannot be healed by potions.
   Regen++++: It increases your rate of health regeneration.
Jewellery
 J - an amulet of regeneration (around neck)
 M - a ring of protection from fire
 R - the ring "Unib" (left fist) {Fly rPois SInv}
   (You bought it in a shop on level 3 of the Snake Pit)

   [ring of see invisible]

   rPois:     It protects you from poison.
   SInv:      It lets you see invisible.
   Fly:       It grants you flight.
 T - the ring "Riaf" (right fist) {rElec rC+ Dex+2}
   (You found it in an ice cave)

   [ring of protection from cold]

   Dex+2:     It affects your dexterity (+2).
   rC+:       It protects you from cold.
   rElec:     It insulates you from electricity.
 Z - a ring of willpower
Talismans
 X - a granite talisman (active)
Wands
 a - a wand of polymorph (20)
 c - a wand of mindburst (7)
 d - a wand of flame (42)
 i - a wand of digging (10)
 Q - a wand of light (17)
 S - a wand of paralysis (16)
 V - a wand of roots (7)
Scrolls
 e - 7 scrolls of teleportation
 g - 4 scrolls of amnesia
 j - 7 scrolls of blinking
 k - 2 scrolls of fear
 m - 7 scrolls of fog
 n - 4 scrolls of brand weapon
 q - 7 scrolls of enchant weapon
 r - a scroll of summoning
 E - 5 scrolls of silence
 G - 7 scrolls of immolation
 H - 2 scrolls of enchant armour
 O - a scroll of revelation
 W - 3 scrolls of poison
Potions
 b - 3 potions of invisibility
 f - 4 potions of ambrosia
 h - 8 potions of brilliance
 o - a potion of heal wounds
 p - 3 potions of cancellation
 s - 7 potions of might
 u - 8 potions of mutation
 v - 14 potions of haste
 w - 2 potions of resistance
 x - 2 potions of magic
 z - 7 potions of attraction
 B - 4 potions of lignification
 D - 7 potions of curing
 L - 3 potions of berserk rage
 U - 3 potions of enlightenment
Miscellaneous
 K - a sack of spiders
 N - a tin of tremorstones (2/2)
 P - a phantom mirror


   Skills:
 + Level 13.4 Fighting
 * Level 19.4 Dodging
 + Level 13.2 Unarmed Combat
 - Level 25.0 Shapeshifting


You had 17 spell levels left.
You didn't know any spells.
Your spell library contained the following spells:

 Spells                   Type           Power      Damage    Failure   Level
 Apportation              Tloc           0%         N/A       36%         1
 Sandblast                Erth           0%         2d4       36%         1
 Call Imp                 Summ           0%         N/A       50%         2
 Cigotuvi's Dreadful Rot  Necr/Alch/Air  0%         N/A       50%         2
 Jinxbite                 Hex            0%         N/A       50%         2
 Lesser Beckoning         Tloc           0%         N/A       50%         2
 Static Discharge         Conj/Air       0%         3-3/arc   50%         2
 Call Canine Familiar     Summ           0%         N/A       75%         3
 Fugue of the Fallen      Necr           0%         N/A       75%         3
 Gell's Gravitas          Tloc           0%         N/A       75%         3
 Ozocubu's Armour         Ice            0%         N/A       75%         3
 Passwall                 Erth           0%         N/A       75%         3
 Sigil of Binding         Hex            0%         N/A       75%         3
 Stone Arrow              Conj/Erth      0%         3d7       75%         3
 Teleport Other           Tloc           0%         N/A       75%         3
 Airstrike                Air            0%         2d(0-16)  98%         4
 Animate Armour           Summ/Erth      0%         N/A       98%         4
 Brom's Barrelling Bould  Conj/Erth      0%         2d3       98%         4
 Dimensional Bullseye     Hex/Tloc       0%         N/A       98%         4
 Dispel Undead            Necr           0%         3d6       98%         4
 Leda's Liquefaction      Alch/Erth      0%         N/A       98%         4
 Manifold Assault         Tloc           0%         N/A       98%         4
 Martyr's Knell           Necr/Summ      0%         N/A       98%         4
 Summon Lightning Spire   Summ/Air       0%         N/A       98%         4
 Alistair's Intoxication  Alch           0%         N/A       100%        5
 Borgnjor's Vile Clutch   Necr/Erth      0%         N/A       100%        5
 Lee's Rapid Deconstruct  Erth           0%         3d4*      100%        5
 Bombard                  Conj/Erth      0%         9d1       100%        6
 Death Channel            Necr           0%         N/A       100%        6
 Dispersal                Tloc           0%         N/A       100%        6
 Eringya's Noxious Bog    Alch           0%         4d6       100%        6
 Summon Hydra             Summ           0%         N/A       100%        7
 Sublimation of Blood     Necr           Unusable   N/A       N/A         2

Dungeon Overview and Level Annotations

Branches:
Dungeon (14/15) Zot: 26824  Temple (1/1) D:5 Zot: 5998    Lair (5/5) D:9 Zot: 23652
  Swamp (4/4) Lair:3 Zot: 18257   Snake (4/4) Lair:3 Zot: 17838   Slime (0/5) Lair:5
    Orc (2/2) D:11 Zot: 9917     Elf (0/3) Orc:2         Sewer (visited)
Ossuary (visited)           IceCv (visited)
 Vaults: D:13-14

Altars:
Ashenzari
Cheibriados
Dithmenos
Elyvilon
Fedhas
Gozag
Hepliaklqana
Kikubaaqudgha
Makhleb
Nemelex Xobeh
Okawaru
Qazlal
Ru
Sif Muna
Trog
Uskayaw
Vehumet
Wu Jian
Xom
Yredelemnul
Zin
The Shining One
Beogh

Shops:
Orc:2 *:([   Snake:3 *(=*[**

Annotations:
Swamp:2 1 runed translucent door, Ciocha's ghost, journeyman TeWn


Innate Abilities, Weirdness & Mutations

You are a living statue of rough stone.
Your actions are slow, but your melee attacks are powerful.
You are resistant to unholy torment.
Your maximum health is greatly increased.
Your equipment is partially melded.
You are very small and have problems with some larger weapons.
You are too small for most types of armour.
You are immune to poison.
You have supernaturally acute eyesight. (SInv)
((You cover ground extremely quickly. (Speed+++)))


Message History

You feel yourself slow down.
Now you have [92/130] HP The deep elf pyromancer completely misses you.
The deep elf pyromancer casts a spell at you.
The pyre arrow hits you.
You are covered in intense liquid fire!
Things that are here:
a +0 buckler; an ugly thing corpse; You gain 3 HP, and have [95/130] HP You pummel the deep elf pyromancer!!
The deep elf pyromancer is severely wounded.
The liquid fire burns you!
The deep elf pyromancer barely misses you.
The deep elf pyromancer misses you.
You take 26 HP, and have [69/130] HP You completely miss the deep elf pyromancer.
The deep elf pyromancer is severely wounded.
The liquid fire burns you!
The deep elf pyromancer completely misses you.
You take 13 HP, and have [56/130] HP You pummel the deep elf pyromancer!!
You kill the deep elf pyromancer!
Trog accepts your kill.
Trog appreciates your killing of a magic user.
The liquid fire burns you!
* * * LOW HITPOINT WARNING * * *
You take 27 HP, and have [29/130] HP !!!!!
HP Warning !!!!!
You shake off some of the fire as you move.
The liquid fire burns you!
* * * LOW HITPOINT WARNING * * *
Things that are here:
a +0 rapier; an elf corpse; You take 21 HP, and have [8/130] HP
Okay, then.
Okay, then.
You feel much better. The liquid fire burns you!
* * * LOW HITPOINT WARNING * * *
You feel much better. The liquid fire burns you!
You die...

u###=##.# .#
#uoBuc#.##. #
'###u##... #
.#####...# #
..#...($$#
############## '
#..#
......^.......
##.# #....(..
#[#########.######
#I†.........#
#..########## #..#
....# ###... #####


You could see a centaur warrior.

Vanquished Creatures
  Mara (Swamp:3)
  the Lernaean hydra (Swamp:3)
  Nikola (Swamp:4)
  Frances (D:12)
  The ghost of december12 the Fencer, an adept BaAr of Gozag (Swamp:4)
  Roxanne (Snake:4)
  4 azure jellies
  4 nagarajas
  Donald (Swamp:3)
  Louise (Swamp:4)
  3 ghouls (Swamp:3)
  A quicksilver ooze (IceCv)
  2 eleionomae (Swamp:3)
  5 bunyips
  A fire dragon (D:14)
  A shambling mangrove (D:13)
  7 salamander tyrants
  20 hydras
  Erolcha (D:10)
  2 ghost crabs
  9 anacondas
  7 catoblepae
  3 centaur warriors
  Erica (Lair:1)
  10 alligators
  5 two-headed ogres
  8 boulder beetles
  A death knight (D:11)
  12 death yaks
  A tengu warrior (D:13)
  Nergalle (Orc:2)
  An orc high priest (Orc:2)
  7 shock serpents
  7 naga sharpshooters
  Urug (Lair:5)
  18 naga warriors
  3 skeletal warriors (D:13)
  3 goliath frogs
  3 spriggans
  Lodul (D:10)
  7 salamander mystics
  10 swamp dragons
  3 naga ritualists
  2 spriggan druids (Swamp:3)
  A sea snake (Snake:3)
  9 mana vipers
  A harpy (shapeshifter) (D:11)
  A lindwurm (Lair:5)
  3 bog bodies
  A necromancer (Swamp:3)
  3 alligator zombies (Swamp:4)
  4 cyclopes
  4 deep elf pyromancers
  6 manticores
  5 orc knights
  3 orc sorcerers (Orc:2)
  11 ugly things
  16 salamanders
  8 will-o-the-wisps
  A meliai (D:14)
  22 elephants
  4 guardian serpents
  35 black mambas
  An ice statue (IceCv)
  A kobold blastminer (Orc:2)
  11 naga magi
  Joseph (D:10)
  2 gargoyles
  3 unseen horrors
  Maggie (Lair:2)
  7 cane toads
  4 kobold demonologists
  4 rime drakes
  5 komodo dragons
  An efreet (D:11)
  2 tengu conjurers
  A freezing wraith (D:14)
  An anaconda simulacrum (Lair:2)
  2 ice devils (Lair:2)
  3 polar bears
  3 trolls
  A hydra zombie (Swamp:4)
  5 tyrant leeches
  A hornet (Swamp:1)
  15 slime creatures
  4 basilisks
  4 wraiths
  59 yaks
  A vampire (D:14)
  A death yak simulacrum (Lair:2)
  3 wargs
  16 swamp worms
  6 great orb of eyes simulacra (IceCv)
  41 nagas
  4 acid dragons
  24 water moccasins
  2 black bears
  8 swamp drakes
  A sky beast (D:6)
  17 orc warriors
  2 swamp dragon zombies (Swamp:4)
  11 ogres
  A laughing skull (D:11)
  8 centaurs
  6 wolves
  A slime creature simulacrum (IceCv)
  A phantom (D:6)
  6 kobold brigands
  An elf zombie (D:6)
  4 gnoll sergeants
  19 bullfrogs
  5 glowing shapeshifter simulacra (IceCv)
  2 scorpions (D:7)
  An elf skeleton (D:6)
  A two-headed ogre simulacrum (Lair:2)
  A burial acolyte (D:6)
  14 killer bees
  7 howler monkeys
  3 electric eels
  A crimson imp (D:10)
  3 jellies
  12 orc priests
  7 hounds
  2 human zombies
  5 gnoll boudas
  2 human skeletons (D:6)
  4 iguanas
  Crazy Yiuf (D:2)
  19 orc wizards
  Natasha (thrice) (D:2)
  5 shapeshifter simulacra (IceCv)
  2 wolf simulacra (Lair:2)
  A killer bee zombie (D:6)
  3 hound zombies (Ossuary)
  4 mummies (Ossuary)
  7 adders
  34 gnolls
  4 river rats
  A naga simulacrum (Lair:2)
  2 shadow imps
  4 white imps
  2 ufetubi (D:7)
  4 dart slugs
  37 orcs
  4 bats
  19 endoplasms
  8 giant cockroaches
  3 goblins
  4 hobgoblins
  4 jackals
  33 kobolds
  8 quokkas
  10 ball pythons
  4 frilled lizards
  A gnoll zombie (Ossuary)
  2 goblin zombies (Ossuary)
  2 hobgoblin zombies (Ossuary)
  A kobold zombie (Ossuary)
  An orc zombie (D:6)
  7 rats
  2 rat zombies (Ossuary)
963 creatures vanquished.

Vanquished Creatures (collateral kills)
  An ogre mage (Orc:2)
  An anaconda (Snake:1)
  A naga warrior (Snake:4)
  A shock serpent (Snake:4)
  2 naga sharpshooters
  An orc sorcerer (Orc:2)
  A salamander (Snake:4)
  A naga mage (Snake:4)
  8 nagas
  An ogre (Orc:2)
  An orc wizard (Orc:2)
19 creatures vanquished.

Vanquished Creatures (others)
  A naga sharpshooter (Snake:4)
  A swamp dragon (Swamp:4)
  2 bloated husks
  2 vampire mosquitoes (Swamp:2)
  A swamp worm (Swamp:4)
  A swamp drake (Swamp:4)
  A human (D:6)
  34 foxfires
43 creatures vanquished.

Grand Total: 1025 creatures vanquished

Notes
Turn   | Place    | Note
-------+----------+-------------------------------------------
     0 | D:1      | FilltheMatrix the Spriggan Berserker began the quest for
                  | the Orb.
     0 | D:1      | Reached XP level 1. HP: 11/11 MP: 2/2
   188 | D:1      | Reached XP level 2. HP: 8/16 MP: 3/3
   996 | D:2      | Noticed Natasha
  1015 | D:2      | Killed Natasha
  1016 | D:2      | Reached XP level 3. HP: 10/20 MP: 4/4
  1167 | D:2      | Reached ** piety under Trog
  1168 | D:2      | Reached XP level 4. HP: 22/24 MP: 5/5
  1356 | D:2      | Found a runed translucent door.
  1357 | D:2      | Noticed Crazy Yiuf
  1363 | D:2      | Killed Crazy Yiuf
  1515 | D:3      | Reached XP level 5. HP: 28/28 MP: 6/6
  1525 | D:3      | Reached skill level 5 in Dodging
  2487 | D:2      | Noticed Natasha
  2498 | D:2      | Killed Natasha
  2550 | D:2      | Noticed Natasha
  2557 | D:2      | Killed Natasha
  2734 | D:4      | Found Saca's Distillery.
  2747 | D:4      | Bought a potion of might for 44 gold pieces
  2747 | D:4      | Bought a potion of mutation for 88 gold pieces
  2853 | D:4      | Found an ornate altar of the Wu Jian Council.
  2999 | D:4      | Found a glowing drain.
  3031 | Sewer    | Entered a sewer
  3236 | Sewer    | Reached XP level 6. HP: 19/33 MP: 7/7
  3426 | Sewer    | Reached *** piety under Trog
  3512 | Sewer    | Found a viscous altar of Jiyva.
  3673 | D:4      | Found a glowing silver altar of Zin.
  3915 | D:5      | Entered Level 5 of the Dungeon
  4472 | D:5      | Reached XP level 7. HP: 38/38 MP: 8/8
  4781 | D:5      | Reached skill level 5 in Fighting
  4787 | D:5      | Found a staircase to the Ecumenical Temple.
  4839 | D:5      | Found an iron altar of Okawaru.
  4977 | Temple   | Entered the Ecumenical Temple
  5059 | D:6      | Reached skill level 5 in Unarmed Combat
  5507 | D:6      | Reached XP level 8. HP: 44/44 MP: 9/9
  5521 | D:6      | Found an ancient bone altar of Kikubaaqudgha.
  5606 | D:6      | Found a sand-covered staircase.
  5619 | Ossuary  | Entered an ossuary
  6770 | D:7      | Found Cip Vain's Magic Scroll Shoppe.
  6772 | D:7      | Bought a scroll of identify for 22 gold pieces
  6772 | D:7      | Bought 3 scrolls of identify for 66 gold pieces
  6772 | D:7      | Bought a scroll of identify for 22 gold pieces
  6772 | D:7      | Bought a scroll of identify for 22 gold pieces
  6772 | D:7      | Bought a scroll of teleportation for 33 gold pieces
  6772 | D:7      | Bought a scroll of immolation for 44 gold pieces
  6772 | D:7      | Bought a scroll of noise for 11 gold pieces
  6973 | D:7      | Noticed a two-headed ogre
  7185 | D:7      | Killed a two-headed ogre
  7186 | D:7      | Reached XP level 9. HP: 50/50 MP: 10/10
  8045 | D:7      | Reached skill level 1 in Shapeshifting
  8328 | D:7      | Reached skill level 2 in Shapeshifting
  8837 | D:8      | Reached **** piety under Trog
  8882 | D:8      | Reached skill level 3 in Shapeshifting
  8886 | D:8      | Found a sparkling altar of Nemelex Xobeh.
  9029 | D:8      | Identified the +7 long sword of Sivviy {drain, rC+}
  9425 | D:8      | Reached XP level 10. HP: 49/56 MP: 11/11
  9921 | D:9      | Noticed a cane toad
  9922 | D:9      | Found a staircase to the Lair.
  9965 | D:9      | Killed a cane toad
  9970 | D:9      | Reached skill level 4 in Shapeshifting
 10272 | D:9      | Noticed a deep elf pyromancer
 10405 | D:9      | Killed a deep elf pyromancer
 10411 | D:9      | Reached skill level 5 in Shapeshifting
 10785 | D:10     | Entered Level 10 of the Dungeon
 10906 | D:10     | Found a burning altar of Makhleb.
 10912 | D:10     | Found a radiant altar of Vehumet.
 10948 | D:10     | Found an opulent altar of Gozag.
 10966 | D:10     | Found a shadowy altar of Dithmenos.
 10970 | D:10     | Noticed an orange demon
 11164 | D:10     | Reached skill level 10 in Dodging
 11164 | D:10     | Reached skill level 6 in Shapeshifting
 11267 | D:10     | Noticed Joseph
 11327 | D:10     | Killed Joseph
 11413 | D:10     | Noticed Lodul
 11522 | D:10     | Noticed Erolcha
 11538 | D:10     | Killed Erolcha
 11539 | D:10     | Reached XP level 11. HP: 62/62 MP: 12/12
 11795 | D:10     | Killed Lodul
 11796 | D:10     | Reached skill level 7 in Shapeshifting
 12172 | D:10     | Reached ***** piety under Trog
 12446 | D:11     | Noticed a two-headed ogre
 12459 | D:11     | Killed a two-headed ogre
 12714 | D:11     | Reached skill level 8 in Shapeshifting
 12719 | D:11     | Noticed a boulder beetle
 12781 | D:11     | Noticed a centaur warrior
 12818 | D:11     | Killed a centaur warrior
 12855 | D:11     | Noticed a harpy
 12868 | D:11     | Killed a harpy
 13042 | D:11     | Noticed a boulder beetle
 13267 | D:11     | Noticed a red ugly thing
 13276 | D:11     | Killed a red ugly thing
 13277 | D:11     | Reached skill level 9 in Shapeshifting
 13315 | D:11     | Identified the +4 halberd of Mypoecul {chaos, rElec rCorr
                  | Str+3}
 13484 | D:11     | Noticed a cyan ugly thing
 13576 | D:11     | Killed a boulder beetle
 13577 | D:11     | Reached skill level 10 in Fighting
 13688 | D:11     | Noticed a death knight
 13701 | D:11     | Killed a death knight
 13764 | D:11     | Reached skill level 10 in Unarmed Combat
 13764 | D:11     | Reached XP level 12. HP: 27/67 MP: 13/13
 14004 | D:11     | You fall into a shaft and drop 1 floor!
 14014 | D:12     | Noticed a catoblepas
 14042 | D:12     | Killed a catoblepas
 14307 | D:11     | Found a runed translucent door.
 14307 | D:11     | Noticed a boulder beetle
 14308 | D:11     | Found a runed translucent door.
 14331 | D:11     | Reached skill level 10 in Shapeshifting
 14347 | D:11     | Killed a boulder beetle
 14537 | D:11     | Found a staircase to the Orcish Mines.
 14770 | Orc:1    | Entered Level 1 of the Orcish Mines
 15019 | Orc:2    | Entered Level 2 of the Orcish Mines
 15470 | Orc:2    | Found a radiant altar of Vehumet.
 15548 | Orc:2    | Noticed an ogre mage
 15548 | Orc:2    | Noticed a two-headed ogre
 15549 | Orc:2    | Noticed an orc warlord
 15549 | Orc:2    | Noticed a two-headed ogre
 15834 | Orc:2    | Found a staircase to the Elven Halls.
 15854 | Orc:2    | Received a gift from Trog
 16098 | Orc:2    | Noticed a two-headed ogre
 16104 | Orc:2    | Killed a two-headed ogre
 16158 | Orc:2    | Reached skill level 11 in Shapeshifting
 16181 | Orc:2    | Killed an ogre mage
 16186 | Orc:2    | Noticed a two-headed ogre
 16195 | Orc:2    | Killed a two-headed ogre
 16197 | Orc:2    | Killed a two-headed ogre
 16212 | Orc:2    | Found a roughly hewn altar of Beogh.
 16212 | Orc:2    | Noticed Nergalle
 16261 | Orc:2    | Killed Nergalle
 16262 | Orc:2    | Reached XP level 13. HP: 74/74 MP: 14/14
 17201 | Orc:2    | Found Lomifeat's Book Shop.
 17214 | Orc:2    | Found Cinlass's Antique Weapon Shop.
 17262 | Orc:2    | Found Loynup's Antique Armour Shop.
 17293 | Orc:2    | Found Ulig's General Store.
 17300 | Orc:2    | Bought a scroll of fog for 60 gold pieces
 17300 | Orc:2    | Bought a scroll of immolation for 60 gold pieces
 17450 | Lair:1   | Entered Level 1 of the Lair of Beasts
 17691 | Lair:1   | Reached skill level 12 in Shapeshifting
 17990 | Lair:1   | Noticed Erica
 17997 | Lair:1   | Killed Erica
 18084 | Lair:1   | Reached skill level 13 in Shapeshifting
 18747 | Lair:2   | Reached skill level 14 in Shapeshifting
 18939 | Lair:2   | Noticed Maggie
 18949 | Lair:2   | Killed Maggie
 19393 | Lair:2   | Reached skill level 15 in Shapeshifting
 20000 | Lair:3   | Found a staircase to the Snake Pit.
 20200 | Lair:3   | Reached skill level 16 in Shapeshifting
 20645 | Lair:3   | Reached XP level 14. HP: 79/79 MP: 15/15
 20914 | Lair:3   | Found a staircase to the Swamp.
 21142 | Lair:3   | Reached skill level 17 in Shapeshifting
 21747 | Lair:4   | Reached skill level 18 in Shapeshifting
 21943 | Lair:5   | Entered Level 5 of the Lair of Beasts
 22077 | Lair:5   | Reached skill level 19 in Shapeshifting
 22159 | Lair:5   | Found a runed translucent door.
 22159 | Lair:5   | Found a staircase to the Slime Pits.
 22159 | Lair:5   | Noticed an azure jelly
 22159 | Lair:5   | Noticed an azure jelly
 22207 | Lair:5   | Noticed Urug
 22221 | Lair:5   | Killed Urug
 22260 | Lair:5   | Found a frozen archway.
 22274 | IceCv    | Entered an ice cave
 22421 | IceCv    | Noticed a quicksilver ooze
 22432 | IceCv    | Killed a quicksilver ooze
 22433 | IceCv    | Reached skill level 20 in Shapeshifting
 22456 | IceCv    | Found a viscous altar of Jiyva.
 22456 | IceCv    | Noticed an azure jelly
 22465 | IceCv    | Killed an azure jelly
 22481 | IceCv    | Noticed an azure jelly
 22488 | IceCv    | Killed an azure jelly
 22497 | IceCv    | Identified the +2 leather armour "Loum" {rPois Will- Regen+
                  | Dex+4}
 22500 | IceCv    | Got the ring "Riaf" {rElec rC+ Dex+2}
 22610 | IceCv    | Received a gift from Trog
 23113 | Lair:5   | Reached XP level 15. HP: 83/83 MP: 16/16
 23146 | Lair:5   | Reached skill level 21 in Shapeshifting
 23478 | Lair:5   | Killed an azure jelly
 23484 | Lair:5   | Killed an azure jelly
 23799 | D:4      | Bought a potion of enlightenment for 55 gold pieces
 23799 | D:4      | Bought a potion of cancellation for 88 gold pieces
 23799 | D:4      | Bought a potion of might for 44 gold pieces
 23799 | D:4      | Bought a potion of haste for 110 gold pieces
 23799 | D:4      | Bought 2 potions of attraction for 66 gold pieces
 23799 | D:4      | Bought a potion of resistance for 110 gold pieces
 23829 | D:7      | Bought a scroll of torment for 104 gold pieces
 23829 | D:7      | Bought a scroll of poison for 44 gold pieces
 23829 | D:7      | Bought a scroll of enchant weapon for 82 gold pieces
 23829 | D:7      | Bought a scroll of amnesia for 44 gold pieces
 24066 | Snake:1  | Entered Level 1 of the Snake Pit
 24256 | Snake:1  | Reached skill level 22 in Shapeshifting
 24360 | Snake:1  | Noticed a nagaraja
 24382 | Snake:1  | Killed a nagaraja
 24490 | Snake:1  | Reached skill level 23 in Shapeshifting
 24823 | Snake:1  | Found a burning altar of Makhleb.
 24953 | Snake:1  | You fall into a shaft and drop 1 floor!
 25609 | Snake:2  | Received a gift from Trog
 25767 | Snake:2  | Reached skill level 24 in Shapeshifting
 25862 | Snake:2  | Reached XP level 16. HP: 87/87 MP: 17/17
 26043 | Snake:3  | Found Olulerpha's General Store.
 26050 | Snake:3  | Bought a scroll of fog for 56 gold pieces
 26050 | Snake:3  | Bought a scroll of silence for 133 gold pieces
 26167 | Snake:3  | Found Waqolan's General Store.
 26169 | Snake:3  | Found Muezag's Specific Store.
 26177 | Snake:3  | Bought the ring "Unib" {Fly rPois SInv} for 367 gold pieces
 26570 | Snake:3  | Reached skill level 25 in Shapeshifting
 26727 | Snake:3  | Found Mopuwkua's Weapon Emporium.
 26728 | Snake:3  | Found Asusin's Assorted Antiques.
 26770 | Snake:3  | Bought a potion of haste for 270 gold pieces
 26770 | Snake:3  | Bought a potion of haste for 270 gold pieces
 26770 | Snake:3  | Bought a scroll of immolation for 108 gold pieces
 26770 | Snake:3  | Bought a scroll of enchant weapon for 202 gold pieces
 26775 | Snake:3  | Found Ujevvali's Jewellery Shop.
 26775 | Snake:3  | Found Hyps's Armour Shoppe.
 27056 | Snake:4  | Entered Level 4 of the Snake Pit
 27313 | Snake:4  | Received a gift from Trog
 27755 | Snake:4  | Reached skill level 15 in Dodging
 27905 | Snake:4  | Noticed Roxanne
 27917 | Snake:4  | Killed Roxanne
 28093 | Snake:4  | Got a serpentine rune of Zot
 28140 | Snake:4  | Reached XP level 17. HP: 93/93 MP: 18/18
 28341 | Swamp:1  | Entered Level 1 of the Swamp
 28353 | Swamp:1  | Received a gift from Trog
 29419 | Swamp:2  | Found a runed translucent door.
 29420 | Swamp:2  | Identified the +8 spear "Alemabb" {flame, Int+3}
 29422 | Swamp:2  | Noticed Ciocha's ghost (journeyman TeWn)
 30318 | Swamp:4  | Entered Level 4 of the Swamp
 30360 | Swamp:4  | Found a runed translucent door.
 30360 | Swamp:4  | Noticed december12's ghost (adept BaAr)
 30386 | Swamp:4  | Killed december12's ghost
 30388 | Swamp:4  | Identified the +9 mace "Spiderslayer" {protect, ^Drain
                  | Str+5 Dex+2}
 30440 | Swamp:4  | Noticed Nikola
 30450 | Swamp:4  | Killed Nikola
 30527 | Swamp:4  | Noticed Louise
 30794 | Swamp:4  | Noticed Mara
 30809 | Swamp:4  | Noticed Donald
 30809 | Swamp:4  | Noticed the 27-headed Lernaean hydra
 30816 | Swamp:3  | Killed the 27-headed Lernaean hydra
 30861 | Swamp:3  | Killed Donald
 30913 | Swamp:4  | Noticed FilltheMatrix's illusion
 30953 | Swamp:4  | Noticed FilltheMatrix's illusion
 31129 | Swamp:4  | Noticed FilltheMatrix's illusion
 31253 | Swamp:4  | Noticed FilltheMatrix's illusion
 31333 | Swamp:4  | Noticed FilltheMatrix's illusion
 31366 | Swamp:3  | Noticed FilltheMatrix's illusion
 31380 | Swamp:3  | Killed Mara
 31427 | Swamp:4  | Killed Louise
 31937 | Swamp:4  | Got a decaying rune of Zot
 32365 | D:13     | Reached XP level 18. HP: 100/100 MP: 19/19
 32558 | D:12     | Noticed Frances
 32572 | D:12     | Killed Frances
 33493 | D:13     | Received a gift from Trog
 33545 | D:13     | Identified the +0 ring mail of Sorcery {rCorr}
 33581 | D:13     | Found the +1 robe of Vines {NoPotionHeal Regen++++}
 34109 | D:14     | HP: 5/130 [burnt (24)]
 34111 | D:14     | Incinerated by a deep elf pyromancer

Illustrated notes

Levels and vault maps discovered:
D:1:      psy_arrival_fountain, layout_loops_ring, chequers_mini_garden
D:2:      cheibrodos_old_hovel, layout_rooms, uniq_crazy_yiuf_cottage,
          uniq_natasha
D:3:      layout_basic, minmay_misc_feat_square
D:4:      layout_loops_ring, zin_treasury, lemuel_doored_altar,
          gup_sewer_entry_pipe, corexii_checkpoint, nicolae_stop_n_shop_1
D:5:      layout_loops_ring, okawaru_altar_gauntlet_db,
          minmay_temple_entry_glassed_door
D:6:      layout_gridville, tgw_kikubaaqudgha, nicolae_ossuary_entry_catacombs
D:7:      layout_cave_pools, serial_gnoll_camp, gnoll_camp_huts_moat,
          gnoll_camp_mini_hut, gnoll_camp_mini_sergeant, gnoll_camp_mini_basic,
          serial_shops, shop, st_stairs_7
D:8:      layout_loops_ring, nemelex_xobeh_ov_fountains_minmay, kennysheep_dice
D:9:      layout_rooms, dpeg_lair_monsters
D:10:     layout_basic, mainiacjoe_overflow_large_starburst,
          grunt_temple_overflow_lords_of_destruction, grunt_ministairs_2,
          uniq_erolcha, uniq_joseph, uniq_lodul
D:11:     minmay_the_grid_triangle_9x9_recursive_3_mashed
          [minmay_the_grid_triangle_9x9_limited_checkers,
          minmay_the_grid_triangle_9x9_pentomino_pain,
          minmay_the_grid_triangle_9x9_stretched_checkered,
          minmay_the_grid_triangle_9x9_prize_schism,
          minmay_the_grid_triangle_9x9_tough_junction,
          minmay_the_grid_triangle_9x9_thin_v,
          minmay_the_grid_triangle_9x9_zippers_vertical,
          minmay_the_grid_triangle_9x9_swiss_cheese,
          minmay_the_grid_triangle_9x9_odd_lines], layout_gridville, orc_0_dummy
D:12:     nzn_motion_control, layout_gridville, uniq_frances
D:13:     layout_loops_corners, hellmonk_guarded_unrand_vines
D:14:     layout_loops_ring, hellmonk_vaults_order_and_chaos,
          minmay_joined_circles
Temple:   dshaligram_water_room_temple
Lair:1:   wander_river, layout_chaotic_city, chequers_serial_rivers_room_b,
          uniq_erica
Lair:2:   dreamdust_isle_of_ice, layout_cave_pods, st_stairs_12, minivault_24,
          uniq_maggie
Lair:3:   layout_cave_pods, palyth_hydra_swamp_entry,
          minmay_snake_entry_six_corridors, infiniplex_staircase_pool_2
Lair:4:   layout_gridlike
Lair:5:   evilmike_catoblepas_cave, layout_big_grid, slime_entry_2,
          portal_ice_cave_entry_pillars_1, serial_bayou_shore_b,
          serial_bayou_shore_a, grunt_megastairs_2, uniq_urug
Swamp:1:  layout_falls_marsh, nicolae_swamp_round_clearing,
          hangedman_swamp_blocks, swamp_pool_1_2,
          nicolae_swamp_very_dense_foliage
Swamp:2:  layout_basic_swamp, ebering_ghost_funeral_grove, serial_swamp_ruin,
          evilmike_swamp_ruin_house_6, evilmike_swamp_ruin_house_5,
          evilmike_swamp_ruin_house_2
Swamp:3:  layout_basic_swamp, nicolae_swamp_stuck_in_the_mud
Swamp:4:  swamp, layout_basic_swamp, gammafunk_ghost_grave,
          nicolae_swamp_necromancer_hut, uniq_mara, uniq_nikola, uniq_louise,
          uniq_donald
Snake:1:  layout_concentric_octagons, basic_altar, nicolae_snake_scaly_snakehead
Snake:2:  layout_concentric_octagons, nicolae_triple_integral
Snake:3:  cheibrodos_forgotten_conduit, layout_layer_cave, serial_shops,
          nicolae_shop_tiny_statue_garden, serial_bayou_lagoon_a,
          nicolae_specific_store, nicolae_snake_serpentine_bazaar
Snake:4:  snake_pit, layout_onion_interference, uniq_roxanne
Orc:1:    layout_diamond_mine
Orc:2:    grunt_orc_cross, layout_caves, basic_altar

Skill      XL: |  1  2  3  4  5  6  7  8  9 10 11 12 13 14 15 16 17 18 |
---------------+-------------------------------------------------------+-----
Fighting       | 3 4 5 7 8 9 10 11 12 13 | 13.4
Unarmed Combat | 3 4 5 7 8 10 11 12 13 | 13.2
Dodging        | 5 6 8 9 10 11 12 13 15 18 19 | 19.4
Shapeshifting  | 3 6 9 11 16 20 24 25 | 25.0

Action                     |  1- 3 |  4- 6 |  7- 9 | 10-12 | 13-15 | 16-18 || total
---------------------------+-------+-------+-------+-------+-------+-------++-------
  Melee: Unarmed           |   113 |   318 |   704 |   663 |  1214 |  1255 ||  4267
         Punch             |     2 |     5 |    37 |    59 |   110 |   113 ||   326
  Throw: Dart              |       |       |       |    10 |       |       ||    10
         Throwing net      |       |       |       |    10 |       |       ||    10
 Invoke: Berserk           |     2 |    11 |    12 |    25 |    20 |    28 ||    98
         Trog's Hand       |       |       |     1 |     3 |     6 |     6 ||    16
         Brothers in Arms  |       |       |       |     1 |     3 |     3 ||     7
  Evoke: Wand              |       |       |     2 |     7 |     7 |       ||    16
         Tin of tremorston |       |       |       |       |     1 |       ||     1
    Use: Scroll            |       |       |    24 |     6 |    11 |     8 ||    49
         Potion            |       |       |     1 |     3 |       |     2 ||     6
   Stab: Sleeping          |     1 |     9 |    10 |     4 |    20 |     8 ||    52
         Distracted        |       |     1 |     1 |     4 |     2 |     2 ||    10
         Held in net/web   |       |       |       |     7 |       |       ||     7
         Invisible         |       |       |       |     1 |       |       ||     1
         Paralysed         |       |       |       |     6 |       |       ||     6
         Petrified         |       |       |       |       |     5 |       ||     5
 Armour: Animal skin       |    25 |   110 |   161 |   158 |    26 |       ||   480
         Robe              |       |       |       |       |    77 |       ||    77
         Skin              |       |       |       |       |   567 |  1212 ||  1779
  Dodge: Dodged            |    87 |   208 |   664 |   699 |  2335 |  3564 ||  7557
   Form: Blade             |       |       |       |     1 |       |       ||     1
         Statue            |       |       |       |       |     1 |       ||     1

Table legend: (Time is in decaauts)
 A = Elapsed time spent in this place.
 B = Non-inter-level travel time spent in this place.
 C = Inter-level travel time spent in this place.
 D = Time resting spent in this place.
 E = Time spent auto-exploring this place.
 F = Levels seen in this place.
 G = Mean time per level.
                   A        B        C        D        E       F      G
               +--------+--------+--------+--------+--------+-----+--------+
         Total |  36264 |  33517 |   2747 |   7348 |  16164 |  33 | 1098.9 |
       Dungeon |  14317 |  12784 |   1533 |   3188 |   6049 |  14 | 1022.6 |
        Temple |      1 |      1 |      0 |      0 |      0 |   1 |    1.0 |
          Lair |   6347 |   5672 |    675 |    790 |   3299 |   5 | 1269.4 |
         Swamp |   5742 |   5564 |    178 |   1615 |   2617 |   4 | 1435.5 |
     Snake Pit |   6161 |   5879 |    282 |    539 |   3349 |   4 | 1540.2 |
  Orcish Mines |   2082 |   2005 |     77 |    758 |    413 |   2 | 1041.0 |
         Sewer |    514 |    514 |      0 |    145 |    179 |   1 |  514.0 |
       Ossuary |    243 |    243 |      0 |      0 |    124 |   1 |  243.0 |
      Ice Cave |    852 |    852 |      0 |    311 |    132 |   1 |  852.0 |
               +--------+--------+--------+--------+--------+-----+--------+

Top non-repeatable levels by time:
 Swamp:3: 2386 daAuts
    D:11: 2099 daAuts
  Lair:3: 2030 daAuts
 Snake:1: 1942 daAuts
 Snake:4: 1690 daAuts
  Lair:5: 1647 daAuts
 Snake:3: 1638 daAuts
    D:13: 1631 daAuts
     D:6: 1539 daAuts
 Swamp:1: 1469 daAuts
   Orc:2: 1415 daAuts
    D:10: 1308 daAuts
     D:7: 1160 daAuts
 Swamp:4: 1101 daAuts
     D:9: 1047 daAuts
